 Dungeon Crawl Stone Soup version 0.28-a0-655-g4eb62b627b (webtiles) character file.

Game seed: 8145291304790804149

5443 KoroneIsBestGirl the Spear-Bearer (level 10, -16/53 HPs)
             Began as a Vine Stalker Berserker on Oct 12, 2021.
             Was a High Priest of Trog.
             Shot with an arrow by a centaur warrior (30 damage)
             ... on level 9 of the Dungeon.
             The game lasted 00:09:48 (7780 turns).

KoroneIsBestGirl the Spear-Bearer (VSBe)            Turns: 7780, Time: 00:09:48

Health: -16/53     AC: 11    Str: 27    XL:     10   Next: 68%
Magic:  0/11       EV: 14    Int:  7    God:    Trog [*****.]
Gold:   159        SH:  0    Dex: 14    Spells: 9/9 levels left

rFire   . . .      SeeInvis .   a - +0 spear
rCold   . . .      Faith    .   (no shield)
rNeg    . . .      Spirit   +   k - +0 steam dragon scales
rPois   +          Reflect  .   c - +2 hat
rElec   .          Harm     +   (no cloak)
rCorr   .          Rampage  .   g - +2 pair of gloves of Eternal Night {Harm Str+4}
Will    +....                   (no boots)
Stlth   ++........              (no amulet)
HPRegen 1.17/turn               w - ring of poison resistance
MPRegen 0.12/turn               (no ring)

@: about to teleport
A: fangs 3, regeneration 1, magic shield, antimagic bite, no potion heal 2
a: Renounce Religion, Berserk, Trog's Hand, Brothers in Arms


You were on level 9 of the Dungeon.
You worshipped Trog.
Trog was extremely pleased with you.
You visited 1 branch of the dungeon, and saw 9 of its levels.

You collected 448 gold pieces.
You spent 289 gold pieces at shops.

Inventory:

Hand Weapons
 a - a +0 spear (weapon)
Missiles
 u - a throwing net (quivered)
Armour
 b - a +0 animal skin
 c - a +2 hat (worn)
 g - the +2 pair of gloves of Eternal Night (worn) {Harm Str+4}
   (You bought it in a shop on level 6 of the Dungeon)

   Str:       It affects your strength (+4).
   Harm:      It increases damage dealt and taken.
 k - +0 steam dragon scales (worn)
 t - a +0 ring mail
Jewellery
 w - a ring of poison resistance (left hand)
Wands
 s - a wand of flame (23)
Scrolls
 f - 3 scrolls of teleportation
 j - 4 scrolls of silence
 l - 2 scrolls of blinking
 m - a scroll of fog
 n - a scroll of noise
 r - 2 scrolls of summoning
 x - a scroll of brand weapon {unknown}
 y - 3 scrolls of identify
 A - a scroll of amnesia {unknown}
Potions
 d - 3 potions of haste {unknown}
 e - a potion of ambrosia {unknown}
 h - 2 potions of flight {unknown}
 i - a potion of degeneration {unknown}
 o - a potion of invisibility {unknown}
 p - a potion of brilliance {unknown}
 q - 2 potions of attraction {unknown}
 v - 2 potions of curing {unknown}
 z - a potion of resistance {unknown}
 B - a potion of might {unknown}
 C - a potion of lignification {unknown}
 D - a potion of magic {unknown}


   Skills:
 + Level 6.7 Fighting
 + Level 10.2 Polearms
 + Level 4.5 Armour
 + Level 6.4 Dodging
 - Level 1.2 Stealth


You had 9 spell levels left.
You didn't know any spells.
Your spell library contained the following spells:

 Spells                   Type           Power      Damage    Failure   Level
 Summon Small Mammal      Summ           0%         N/A       43%         1
 Call Canine Familiar     Summ           0%         N/A       80%         3
 Ozocubu's Armour         Ice            0%         N/A       80%         3
 Summon Guardian Golem    Hex/Summ       0%         N/A       80%         3
 Metabolic Englaciation   Hex/Ice        0%         N/A       100%        5
 Simulacrum               Ice/Necr       0%         N/A       100%        6


Dungeon Overview and Level Annotations

Branches:
Dungeon (9/15)             Temple (0/1) D:7
   Lair: D:8-11         Orc: D:9-12

Altars:
Ashenzari
Dithmenos
Makhleb
Sif Muna
Trog

Shops:
D:5 (*   D:6 [


Innate Abilities, Weirdness & Mutations

You have razor-sharp teeth.
Your natural rate of healing is unusually fast.
When hurt, damage is shared between your health and your magic reserves.
Your bite disrupts and absorbs the magic of your enemies.
Potions cannot restore your health.


Message History

The centaur warrior shouts!
The centaur warrior hits you!
The centaur warrior kicks you but does no damage.
A manticore comes into view.
The centaur warrior hits you. The centaur warrior kicks you.
The centaur warrior hits you!
The centaur warrior kicks you but does no damage.
The centaur warrior hits you.
The centaur warrior kicks you but does no damage.
The basilisk barely misses you.
A deep elf pyromancer comes into view. It is wielding a +0 long sword.
The centaur warrior hits you!
The centaur warrior kicks you but does no damage.
The basilisk bites you!
The centaur warrior hits you but does no damage.
The centaur warrior kicks you but does no damage.
The centaur warrior hits you!
The centaur warrior kicks you but does no damage.
The basilisk gazes at you.
You easily resist.
The centaur warrior hits you but does no damage.
The centaur warrior kicks you but does no damage.
The basilisk bites you!
The centaur warrior hits you but does no damage.
The centaur warrior kicks you. The centaur warrior hits you.
The centaur warrior kicks you. The basilisk gazes at you.
The centaur warrior completely misses you.
The centaur warrior kicks you.
You turn to flesh and can move again.
As you read the scroll of teleportation, it crumbles to dust.
You feel strangely unstable. The basilisk bites you!
The centaur warrior misses you.
The centaur warrior kicks you but does no damage.
The boulder beetle bites you.
* * * LOW HITPOINT WARNING * * *
The centaur warrior wields a +5 longbow.
The centaur warrior shoots an arrow.
The arrow hits you!!
Ouch! That really hurt!
You die...

# ##.## ###...####..# #
##...####...###..#..
####.........##').#..# .
...........###[..)#..#..#
.........### #.#..)...#
###....### #..#.#)#.#
#..### ##..#.#.#.# #..#
#......... #..#
#.@#.#.#.# #..#
#.#.#.#.## #..#
#..eclB...### ##.#
#=#.#.H).### .# # ...###
.#### .# ##


You could see a centaur warrior, a manticore, a deep elf pyromancer and a
basilisk.

Vanquished Creatures
  A two-headed ogre (D:8)
  Pikel (D:8)
  2 ugly things (D:9)
  Maggie (D:6)
  Grinder (D:5)
  2 vampire mosquitoes
  A basilisk (D:9)
  Menkaure (D:7)
  2 water moccasins
  An ice beast (D:7)
  4 black bears
  A sky beast (D:7)
  2 centaurs
  A lemure (D:8)
  A phantom (D:5)
  A kobold brigand (D:8)
  5 bullfrogs
  A gnoll sergeant (D:8)
  2 water moccasin zombies (D:7)
  A wyvern skeleton (D:6)
  A water moccasin skeleton (D:5)
  2 howler monkeys (D:5)
  A centaur zombie (D:8)
  4 orc priests
  A gnoll shaman (D:6)
  A hound (D:5)
  2 jellies
  Ijyb (D:5)
  Jessica (D:2)
  6 orc wizards
  A killer bee zombie (D:9)
  A howler monkey zombie (D:5)
  Robin (D:3)
  9 adders
  16 gnolls
  A white imp (D:6)
  A howler monkey simulacrum (D:9)
  An ufetubus (D:5)
  An adder skeleton (D:5)
  2 worms
  A dart slug (D:4)
  24 orcs
  6 bats
  6 endoplasms
  3 giant cockroaches
  24 goblins
  13 hobgoblins
  9 jackals
  3 quokkas (D:2)
  7 ball pythons
  5 frilled lizards
  9 kobolds
  6 rats
202 creatures vanquished.

Vanquished Creatures (others)
  A wizard (D:4)
1 creature vanquished.

Grand Total: 203 creatures vanquished

Notes
Turn   | Place    | Note
-------+----------+-------------------------------------------
     0 | D:1      | KoroneIsBestGirl the Vine Stalker Berserker began the quest
                  | for the Orb.
     0 | D:1      | Reached XP level 1. HP: 11/11 MP: 2/2
   125 | D:1      | Found a faded altar of an unknown god.
   142 | D:1      | Reached XP level 2. HP: 16/16 MP: 3/3
   347 | D:1      | Reached skill level 3 in Polearms
   634 | D:1      | Reached XP level 3. HP: 20/20 MP: 4/4
  1214 | D:2      | Reached ** piety under Trog
  1335 | D:2      | Gained mutation: Your natural rate of healing is unusually
                  | fast. [Vine Stalker growth]
  1335 | D:2      | Reached XP level 4. HP: 21/24 MP: 5/5
  1564 | D:2      | Noticed Jessica
  1573 | D:2      | Killed Jessica
  1574 | D:2      | Reached skill level 1 in Stealth
  1968 | D:3      | Reached XP level 5. HP: 28/28 MP: 3/6
  2104 | D:3      | Reached *** piety under Trog
  2105 | D:3      | Reached skill level 4 in Polearms
  2302 | D:3      | Found a burning altar of Makhleb.
  2347 | D:3      | Noticed Robin
  2357 | D:3      | Killed Robin
  2696 | D:4      | Reached XP level 6. HP: 20/33 MP: 4/7
  3406 | D:4      | Found a broken altar of Ashenzari.
  3462 | D:4      | Found a bloodstained altar of Trog.
  3463 | D:4      | Noticed a wizard
  3468 | D:4      | Killed a wizard
  3691 | D:5      | Entered Level 5 of the Dungeon
  3738 | D:5      | Reached skill level 5 in Polearms
  3785 | D:5      | Noticed a black bear
  3792 | D:5      | Noticed Ijyb
  3805 | D:5      | Killed Ijyb
  3806 | D:5      | Reached XP level 7. HP: 21/37 MP: 3/8
  3916 | D:5      | Reached **** piety under Trog
  4048 | D:5      | Found Ypretath's Antique Weapon Emporium.
  4310 | D:5      | Reached skill level 6 in Polearms
  4318 | D:5      | Found Ongoq's Assorted Antiques.
  4326 | D:5      | Bought a scroll labelled MUAROU XAHEME for 26 gold pieces
  4326 | D:5      | Bought a scroll labelled ECOIJA YS FEO for 26 gold pieces
  4579 | D:5      | Found a shimmering blue altar of Sif Muna.
  4580 | D:5      | Noticed Grinder
  4590 | D:5      | Paralysed by Grinder for 6 turns
  4598 | D:5      | Killed Grinder
  4599 | D:5      | Gained mutation: You have razor-sharp teeth. [Vine Stalker
                  | growth]
  4599 | D:5      | Reached XP level 8. HP: 42/42 MP: 6/9
  4938 | D:6      | Found Ziogroza's Antique Armour Shoppe.
  4943 | D:6      | Bought a pair of transparent gloves for 237 gold pieces
  4943 | D:6      | Identified the +2 pair of gloves of Eternal Night {Harm
                  | Str+4} (You bought it in a shop on level 6 of the Dungeon)
  4971 | D:6      | Found a shadowy altar of Dithmenos.
  5096 | D:6      | Noticed Maggie
  5101 | D:6      | Reached skill level 5 in Fighting
  5103 | D:6      | Reached skill level 7 in Polearms
  5143 | D:6      | Killed Maggie
  5144 | D:6      | Reached XP level 9. HP: 47/47 MP: 10/10
  5539 | D:6      | You fall into a shaft and drop 1 floor!
  5539 | D:7      | Found a staircase to the Ecumenical Temple.
  5639 | D:7      | Noticed Menkaure
  5644 | D:7      | Reached skill level 5 in Dodging
  5652 | D:7      | Killed Menkaure
  5867 | D:7      | Reached skill level 8 in Polearms
  6713 | D:8      | Noticed Pikel
  6732 | D:8      | Killed Pikel
  6733 | D:8      | Reached skill level 9 in Polearms
  6834 | D:8      | Reached XP level 10. HP: 53/53 MP: 9/11
  7028 | D:8      | Noticed a two-headed ogre
  7049 | D:8      | Killed a two-headed ogre
  7054 | D:8      | Reached ***** piety under Trog
  7428 | D:9      | Noticed a cyan ugly thing
  7435 | D:9      | Killed a cyan ugly thing
  7540 | D:9      | Reached skill level 10 in Polearms
  7544 | D:9      | Noticed a red ugly thing
  7551 | D:9      | Killed a red ugly thing
  7770 | D:9      | Noticed a boulder beetle
  7771 | D:9      | Noticed a centaur warrior
  7772 | D:9      | Noticed a manticore
  7774 | D:9      | Noticed a deep elf pyromancer
  7780 | D:9      | Shot with an arrow by a centaur warrior

Illustrated notes

Levels and vault maps discovered:
D:1:      dpeg_arrival_radiant, layout_loops_ring, basic_ecumenical_altar,
          hangedman_decor_peaks_small
D:2:      cheibrodos_greedy_goblins, layout_loops_cross,
          kennysheep_jessica_study
D:3:      layout_basic, mainiacjoe_overflow_tiny_flanked, uniq_robin
D:4:      layout_basic, trog_wizard, kennysheep_mini, guppyfry_early_lair_pool
D:5:      layout_loops_cross, amcnicky_altar_gilded, serial_shops, shop, shop,
          minmay_misc_feat_roman, uniq_grinder, uniq_ijyb
D:6:      layout_cave_pools, lemuel_crystal_altar, nicolae_stop_n_shop_2,
          uniq_maggie
D:7:      layout_basic, minmay_temple_entry_grid, kennysheep_generic_room_8,
          uniq_menkaure
D:8:      layout_cave_pods, minmay_manual_mess, uniq_pikel
D:9:      minmay_the_grid_triangle_9x9_rhombus_thin_mashed
          [minmay_the_grid_triangle_9x9_corrupted_corridor,
          minmay_the_grid_triangle_9x9_prize_special,
          minmay_the_grid_triangle_9x9_odd_lines,
          minmay_the_grid_triangle_9x9_zippers_vertical], layout_loops_ring,
          mainiacjoe_overflow_paths, mainiacjoe_overflow_alcove_2,
          lemuel_doored_altar, kb_rosetta

Skill      XL: |  1  2  3  4  5  6  7  8  9 10 |
---------------+-------------------------------+-----
Fighting       | 3 4 5 6 |  6.7
Polearms       | 3 4 5 6 7 9 10 | 10.2
Dodging        | 2 3 4 5 6 |  6.4
Stealth        | 1 |  1.2
Armour         | 3 4 |  4.5

Action                   |  1- 3 |  4- 6 |  7- 9 | 10-12 || total
-------------------------+-------+-------+-------+-------++-------
Melee: Spear             |    99 |   291 |   238 |    94 ||   722
       Bite              |    21 |    58 |    76 |    26 ||   181
Invok: Berserk           |     1 |     5 |     8 |     3 ||    17
  Use: Scroll            |       |       |     8 |     1 ||     9
 Stab: Distracted        |     1 |     1 |       |       ||     2
       Sleeping          |     3 |     8 |     1 |     1 ||    13
Armor: Animal skin       |    17 |    50 |    17 |       ||    84
       Ring mail         |       |       |    11 |       ||    11
       Steam dragon scal |       |       |    26 |    22 ||    48
Dodge: Dodged            |    58 |   144 |   135 |    37 ||   374

Table legend: (Time is in decaauts)
 A = Elapsed time spent in this place.
 B = Non-inter-level travel time spent in this place.
 C = Inter-level travel time spent in this place.
 D = Time resting spent in this place.
 E = Time spent auto-exploring this place.
 F = Levels seen in this place.
 G = Mean time per level.
                   A        B        C        D        E       F      G
               +--------+--------+--------+--------+--------+-----+--------+
         Total |   7795 |   7520 |    275 |   1022 |   5252 |   9 |  866.1 |
       Dungeon |   7795 |   7520 |    275 |   1022 |   5252 |   9 |  866.1 |
               +--------+--------+--------+--------+--------+-----+--------+

Top non-repeatable levels by time:
     D:5: 1270 daAuts
     D:4: 1149 daAuts
     D:1: 911 daAuts
     D:7: 868 daAuts
     D:2: 849 daAuts
     D:8: 839 daAuts
     D:3: 782 daAuts
     D:6: 711 daAuts
     D:9: 413 daAuts
